 Dungeon Crawl Stone Soup version 0.29-a0-911-g88e6f02907 (webtiles) character file.

Game seed: 11983490362974620640

64 enile the Sneak (level 4, 0/51 HPs)
             Began as a Gnoll Wanderer on July 26, 2022.
             Was a Believer of Lugonu.
             Succumbed to a scorpion's poison
             ... on level 3 of the Dungeon.
             The game lasted 00:01:57 (1999 turns).

enile the Sneak (Gnoll Wanderer)                    Turns: 1999, Time: 00:01:57

Health: 0/51       AC:  2    Str:  7    XL:     4   Next: 12%
Magic:  8/11       EV: 12    Int:  8    God:    Lugonu [**....]
Gold:   103        SH:  0    Dex: 16    Spells: 12/13 levels left

rFire   . . .      SeeInvis .   n - +1 rapier of Awkwardness {vorpal, rElec Int-5 Stlth+}
rCold   . . .      Faith    .   (no shield)
rNeg    . . .      Spirit   .   e - +0 robe
rPois   .          Reflect  .   (no helmet)
rElec   +          Harm     .   (no cloak)
rCorr   .          Rampage  .   (no gloves)
Will    .....                   (no boots)
Stlth   ..........              (no amulet)
HPRegen 0.17/turn               (no ring)
MPRegen 0.12/turn               (no ring)

@: berserking, lethally poisoned (0 -> -11), very quick
A: fangs 1, strong nose, distributed training
a: Renounce Religion, Depart the Abyss, Bend Space


You were on level 3 of the Dungeon.
You worshipped Lugonu.
Lugonu was pleased with you.
You visited 1 branch of the dungeon, and saw 3 of its levels.

You collected 103 gold pieces.

Inventory:

Hand Weapons
 a - a +1 dagger
 n - the +1 rapier of Awkwardness (weapon) {vorpal, rElec Int-5 Stlth+}
   (You found it on level 2 of the Dungeon)

   It inflicts extra damage upon your enemies.
   Int:       It affects your intelligence (-5).
   rElec:     It insulates you from electricity.
   Stlth:     It makes you more stealthy.
 q - a +4 short sword
Missiles
 b - 2 atropa-tipped darts (quivered)
 c - 2 datura-tipped darts
 m - 2 javelins
Armour
 e - a +0 robe (worn)
Scrolls
 d - 2 scrolls of teleportation
 f - a scroll of acquirement {unknown}
 h - a scroll of identify {unknown}
 l - a scroll of immolation
 o - a scroll of fear {unknown}
Potions
 i - a potion of magic {unknown}
 j - a potion of curing {unknown}
 k - a potion of invisibility {unknown}
 p - a potion of degeneration {unknown}


   Skills:
 + Level 2.7 Fighting
 + Level 1.1 Short Blades
 + Level 1.1 Long Blades
 + Level 1.1 Axes
 + Level 1.1 Maces & Flails
 + Level 1.1 Polearms
 + Level 1.1 Staves
 + Level 1.1 Ranged Weapons
 + Level 1.1 Throwing
 + Level 1.1 Armour
 + Level 1.1 Dodging
 + Level 6.0 Stealth
 + Level 1.1 Shields
 + Level 1.1 Unarmed Combat
 + Level 5.0 Spellcasting
 + Level 0.8 Conjurations
 + Level 0.8 Hexes
 + Level 0.8 Summonings
 + Level 0.8 Necromancy
 + Level 0.8 Translocations
 + Level 0.8 Transmutations
 + Level 0.8 Fire Magic
 + Level 0.8 Ice Magic
 + Level 0.8 Air Magic
 + Level 5.4 Earth Magic
 + Level 0.8 Poison Magic
 + Level 1.2 Invocations
 + Level 2.7 Evocations


You had 12 spell levels left.
You knew the following spells:

 Your Spells              Type           Power      Damage    Failure   Level
a - Sandblast             Erth           20%        2d7       2%          1

Your spell library contained the following spells:

 Spells                   Type           Power      Damage    Failure   Level
 Stone Arrow              Conj/Erth      14%        3d7       22%         3


Dungeon Overview and Level Annotations

Branches:
Dungeon (3/15)

Altars:
Cheibriados
Lugonu


Innate Abilities, Weirdness & Mutations

You have very sharp teeth.
Your uncanny sense of smell can sniff out nearby items.
Your experience applies equally to all skills.


Message History

A scorpion is nearby!
A scorpion is nearby!
You barely miss the scorpion. The scorpion stings you.
You are poisoned.
The scorpion poisons you! The scorpion stings you.
You barely miss the scorpion.
You feel very sick. The scorpion barely misses you.
Casting: Sandblast (safe; 2% risk of failure)
Confirm with . or Enter, or press ? or * to list all spells.
Aiming: Sandblast (safe; 2% risk of failure)
Press: ? - help, Shift-Dir - straight line, f - scorpion
Aim: a scorpion (79% to hit)
The blast of sand hits the scorpion but does no damage.
You feel very sick. The scorpion closely misses you.
The scorpion barely misses you.
Okay, then.
Okay, then.
Space bends violently around you!
You blink.
You feel sick. The scorpion stings you.
* * * LOW HITPOINT WARNING * * *
You are lethally poisoned!
The scorpion poisons you! Space bends violently around you!
You blink.
Found a ring mail.
* * * LOW HITPOINT WARNING * * *
You feel very sick.
It was a potion of berserk rage.
A red film seems to cover your vision as you go berserk!
You feel yourself moving faster!
You feel mighty!
* * * LOW HITPOINT WARNING * * *
You feel very sick.
You are too berserk!
You feel a strong urge to attack something.
* * * LOW HITPOINT WARNING * * *
You feel sick.
Okay, then.
You are too berserk!
You are too berserk!
A goblin comes into view. It is wielding a +0 club.
You die...

... .# #.. #.# #.#
..# #.# ####.#### .
#.# #.......# ..
#.####.......#
#.#####...s........#
#......#####.......#
##[..@.# #.ยง.....#
.........# #.......#
g###.....# #########
.......# ###......
#....... #######. ##


You could see a goblin (asleep).

Vanquished Creatures
  2 adders (D:2)
  A worm (D:2)
  2 dart slugs
  4 endoplasms
  2 giant cockroaches (D:2)
  A goblin (D:1)
  2 hobgoblins (D:1)
  3 jackals (D:2)
  4 kobolds
  3 quokkas (D:1)
  6 ball pythons
  4 bats
  A frilled lizard (D:1)
  3 rats (D:1)
38 creatures vanquished.

Notes
Turn   | Place    | Note
-------+----------+-------------------------------------------
     0 | D:1      | enile the Gnoll Wanderer began the quest for the Orb.
     0 | D:1      | enile set off with the following items: a +1 dagger, 2
                  | atropa-tipped darts, 2 datura-tipped darts, a scroll of
                  | teleportation, a +0 robe; and the following spell
                  | memorised: Sandblast; and the following spells available to
                  | memorise: Stone Arrow.
     0 | D:1      | Reached XP level 1. HP: 17/17 MP: 6/6
   187 | D:1      | Reached XP level 2. HP: 23/23 MP: 5/7
   676 | D:1      | Found a faded altar of an unknown god.
   819 | D:1      | Prayed at the altar of an unknown god.
   819 | D:1      | Became a worshipper of Lugonu the Unformed
   819 | D:1      | Reached * piety under Lugonu
   819 | D:1      | Reached ** piety under Lugonu
   919 | D:1      | Reached skill level 5 in Spellcasting
   919 | D:1      | Reached XP level 3. HP: 27/28 MP: 7/9
  1183 | D:2      | Identified the +1 rapier of Awkwardness {vorpal, rElec
                  | Int-5 Stlth+}
  1236 | D:2      | Reached skill level 6 in Stealth
  1331 | D:2      | Reached skill level 1 in Invocations
  1505 | D:2      | Found a snail-covered altar of Cheibriados.
  1594 | D:2      | Reached skill level 1 in Short Blades
  1594 | D:2      | Reached skill level 1 in Long Blades
  1594 | D:2      | Reached skill level 1 in Axes
  1594 | D:2      | Reached skill level 1 in Maces & Flails
  1594 | D:2      | Reached skill level 1 in Polearms
  1594 | D:2      | Reached skill level 1 in Staves
  1594 | D:2      | Reached skill level 1 in Ranged Weapons
  1594 | D:2      | Reached skill level 1 in Throwing
  1594 | D:2      | Reached skill level 1 in Armour
  1594 | D:2      | Reached skill level 1 in Dodging
  1594 | D:2      | Reached skill level 1 in Shields
  1594 | D:2      | Reached skill level 1 in Unarmed Combat
  1701 | D:2      | Reached XP level 4. HP: 17/34 MP: 6/11
  1988 | D:3      | Noticed a scorpion
  1998 | D:3      | HP: 2/51 [poisoned by a scorpion]
  1999 | D:3      | Succumbed to a scorpion's poison

Illustrated notes

Levels and vault maps discovered:
D:1:      onia_arrival_mini_spirals, layout_basic,
          hellmonk_ecumenical_altar_blasted, st_stairs_4,
          hangedman_decor_riveting
D:2:      minmay_angry_zag, layout_rooms, basic_altar
D:3:      layout_rooms, uniq_robin

Skill      XL: |  1  2  3 |
---------------+----------+-----
Spellcasting   | 5 |  5.0
Stealth        | 6 |  6.0
Invocations    | 1 |  1.2
Short Blades   | 1 |  1.1
Long Blades    | 1 |  1.1
Axes           | 1 |  1.1
Maces & Flails | 1 |  1.1
Polearms       | 1 |  1.1
Staves         | 1 |  1.1
Ranged Weapons | 1 |  1.1
Throwing       | 1 |  1.1
Armour         | 1 |  1.1
Dodging        | 1 |  1.1
Shields        | 1 |  1.1
Unarmed Combat | 1 |  1.1
Fighting       | |  2.7
Conjurations   | |  0.8
Hexes          | |  0.8
Summonings     | |  0.8
Necromancy     | |  0.8
Translocations | |  0.8
Transmutations | |  0.8
Fire Magic     | |  0.8
Ice Magic      | |  0.8
Air Magic      | |  0.8
Earth Magic    | |  5.4
Poison Magic   | |  0.8
Evocations     | |  2.7

Action                   |  1- 3 |  4- 6 || total
-------------------------+-------+-------++-------
Melee: Dagger            |    11 |       ||    11
       Bite              |     7 |       ||     7
       Rapier            |    32 |     2 ||    34
 Cast: Sandblast         |    32 |     2 ||    34
Invok: Bend Space        |       |     2 ||     2
  Use: Potion            |       |     1 ||     1
 Stab: Sleeping          |     4 |       ||     4
Armor: Robe              |    10 |       ||    10
Dodge: Dodged            |    36 |     3 ||    39

Table legend: (Time is in decaauts)
 A = Elapsed time spent in this place.
 B = Non-inter-level travel time spent in this place.
 C = Inter-level travel time spent in this place.
 D = Time resting spent in this place.
 E = Time spent auto-exploring this place.
 F = Levels seen in this place.
 G = Mean time per level.
                   A        B        C        D        E       F      G
               +--------+--------+--------+--------+--------+-----+--------+
         Total |   2037 |   1900 |    137 |      0 |   1640 |   3 |  679.0 |
       Dungeon |   2037 |   1900 |    137 |      0 |   1640 |   3 |  679.0 |
               +--------+--------+--------+--------+--------+-----+--------+

Top non-repeatable levels by time:
     D:1: 1199 daAuts
     D:2: 825 daAuts
     D:3: 11 daAuts
